 Dungeon Crawl Stone Soup version 0.30-a0-860-g512cf1e979 (webtiles) character file.

Game seed: 7347222436107770080

72268 juan097 the Nimble (level 15, -2/106 HPs)
             Began as an Octopode Brigand on Mar 7, 2023.
             Was an Initiate of Gozag.
             Slain by an ettin
             ... wielding a +0 dire flail of protection
              (24 damage)
             ... on level 1 of the Orcish Mines.
             The game lasted 01:52:52 (29139 turns).

juan097 the Nimble (Octopode Brigand)              Turns: 29139, Time: 01:53:16

Health: -2/106     AC:  5    Str: 10    XL:     15   Next: 39%
Magic:  19/21      EV: 30    Int: 20    God:    Gozag
Gold:   2465       SH:  5    Dex: 25    Spells: 3/22 levels left

rFire   . . .      SeeInvis +    b - +2 sling (heavy)
rCold   . . .      Faith    .    g - orb {guile}
rNeg    + . .      Spirit   .    (helmet restricted)
rPois   +          Reflect  +    P - amulet of reflection
rElec   +          Rampage  .    l - +6 ring of intelligence
rCorr   .                        K - +4 ring of slaying
Will    +....                    O - ring of willpower
Stlth   +++++++                  o - +4 ring of protection
HPRegen 0.37/turn                Y - +6 ring of dexterity
MPRegen 0.17/turn                Z - ring of willpower
                                 E - ring of the Peasants {rElec rPois EV+5 Int-2}
                                 h - ring of Dawn {rN+ SInv Stlth+}

@: studying Hexes
A: almost no armour, amphibious, 8 rings, camouflage 1, gelatinous body 1,
(nimble swimmer 1), tentacles
a: Renounce Religion, Potion Petition, Call Merchant, Bribe Branch


You were on level 1 of the Orcish Mines.
You worshipped Gozag.
Gozag was most pleased with you.
You visited 4 branches of the dungeon, and saw 22 of its levels.
You visited the Abyss 1 time.
You also visited: Gauntlet and Volcano.

You collected 6188 gold pieces.
You spent 2155 gold pieces at shops.
You paid 1568 gold pieces to Gozag.

Inventory:

Hand Weapons
 a - the +11 demon blade of Discretion {drain, SInv}
   (You took it off a minotaur in a Gauntlet)

   SInv:      It lets you see invisible.
 b - a +2 heavy sling (weapon)
 w - a +3 dagger of venom
 X - the +4 long sword "Taben" {holy, Str+2}
   (You found it on level 5 of the Lair of Beasts)

   Str:       It affects your strength (+2).
Missiles
 c - 8 curare-tipped darts
 i - 31 poisoned darts
 U - a throwing net
Armour
 g - an orb of guile (worn)
Jewellery
 h - the ring of Dawn (on tentacle) {rN+ SInv Stlth+}
   (You found it in a Gauntlet)

   [ring of positive energy]

   rN:        It protects you from negative energy.
   SInv:      It lets you see invisible.
   Stlth:     It makes you more stealthy.
 l - a +6 ring of intelligence (left tentacle)
 o - a +4 ring of protection (on tentacle)
 E - the ring of the Peasants (on tentacle) {rElec rPois EV+5 Int-2}
   (You found it in a Gauntlet)

   [ring of evasion]

   EV:        It affects your evasion (+5).
   Int:       It affects your intelligence (-2).
   rElec:     It insulates you from electricity.
   rPois:     It protects you from poison.
 I - a +6 ring of dexterity
 K - a +4 ring of slaying (right tentacle)
 L - a +6 ring of intelligence
 O - a ring of willpower (on tentacle)
 P - an amulet of reflection (around mantle)
 Y - a +6 ring of dexterity (on tentacle)
 Z - a ring of willpower (on tentacle)
Wands
 m - a wand of digging (8)
 F - a wand of flame (34)
 Q - a wand of charming (10)
 S - a wand of roots (18)
Scrolls
 f - 9 scrolls of teleportation
 r - 6 scrolls of blinking
 s - 2 scrolls of enchant armour
 u - 4 scrolls of magic mapping
 y - a scroll of butterflies
 A - 2 scrolls of fear {unknown}
 C - 3 scrolls of vulnerability
 D - 3 scrolls of poison
 G - 2 scrolls of amnesia
 J - 3 scrolls of fog
 R - 4 scrolls of brand weapon {unknown}
 V - a scroll of acquirement {unknown}
Potions
 d - 4 potions of might
 e - a potion of magic {unknown}
 j - 7 potions of curing
 n - a potion of cancellation
 p - a potion of attraction
 q - 3 potions of resistance
 t - 7 potions of ambrosia
 v - 5 potions of flight
 x - a potion of haste
 z - 3 potions of brilliance
 B - 3 potions of invisibility
 H - a potion of lignification
 M - 2 potions of berserk rage
 N - 5 potions of heal wounds
 W - 2 potions of mutation
Miscellaneous
 T - a tin of tremorstones (2/2)


   Skills:
 + Level 11.1 Fighting
 - Level 10.0(11.1) Short Blades
 + Level 7.7(10.0) Long Blades
 + Level 7.7 Ranged Weapons
 - Level 6.0 Throwing
 + Level 12.8 Dodging
 - Level 10.0 Stealth
 - Level 4.0 Spellcasting
 - Level 8.0 Hexes
 + Level 3.3 Transmutations
 - Level 5.0 Ice Magic
 + Level 3.4 Earth Magic
 - Level 8.0 Evocations


You had 3 spell levels left.
You knew the following spells:

 Your Spells              Type           Power      Damage    Failure   Level
a - Ensorcelled Hibernat  Hex/Ice        60%        N/A       1%          2
b - Tukima's Dance        Hex            36%        N/A       1%          3
c - Cause Fear            Hex            18%        N/A       4%          4
d - Confusing Touch       Hex            36%        N/A       1%          3
e - Passwall              Tmut/Erth      14%        N/A       4%          2
f - Yara's Violent Unrav  Hex/Tmut       13%        3d7       34%         5

Your spell library contained the following spells:

 Spells                   Type           Power      Damage    Failure   Level
 Slow                     Hex            100%       N/A       1%          1
 Inner Flame              Hex/Fire       20%        N/A       8%          3
 Shock                    Conj/Air       16%        1d4       13%         1
 Blink                    Tloc           8%         N/A       19%         2
 Scorch                   Fire           8%         2d5       19%         2
 Swiftness                Air            4%         N/A       36%         3
 Vampiric Draining        Necr           4%         2d6       36%         3
 Airstrike                Air            2%         2d(1-17)  77%         4
 Flame Wave               Conj/Fire      4%         2d5       77%         4
 Manifold Assault         Tloc           4%         N/A       77%         4
 Passage of Golubria      Tloc           4%         N/A       77%         4
 Summon Lightning Spire   Summ/Air       4%         N/A       77%         4
 Lightning Bolt           Conj/Air       2%         1d13      98%         5
 Summon Cactus Giant      Summ           2%         N/A       100%        6
 Storm Form               Tmut/Air       5%         N/A       100%        7
 Discord                  Hex            18%        N/A       100%        8


Dungeon Overview and Level Annotations

Branches:
Dungeon (14/15)            Temple (1/1) D:6            Lair (5/5) D:8
  Swamp (0/4) Lair:2       Spider (0/4) Lair:3        Slime (0/5) Lair:4
    Orc (2/2) D:12        Volcano (visited)         Gauntlet (visited)
    Elf: Orc:2       Vaults: D:13-14

Altars:
Ashenzari
Cheibriados
Dithmenos
Elyvilon
Fedhas
Gozag
Hepliaklqana
Kikubaaqudgha
Makhleb
Nemelex Xobeh
Okawaru
Qazlal
Ru
Sif Muna
Trog
Uskayaw
Vehumet
Wu Jian
Xom
Yredelemnul
Zin
The Shining One

Shops:
D:6 *   D:10 !   Orc:2 (   Lair:3 =

Annotations:
D:5 1 exclusion
D:7 3 runed translucent doors, Joseph; relicbr's ghost, novice SpDe
D:14 1 transporter, Kapsuk's ghost, journeyman DECj
Orc:2 Rupert


Innate Abilities, Weirdness & Mutations

You cannot wear most types of armour.
You are amphibious.
You can wear up to eight rings at the same time.
Your skin changes colour to match your surroundings (Stealth+).
Your rubbery body absorbs attacks. (AC +1, EV +1)
((You are camouflaged when in or above water. (Stealth+)))
You have tentacles for arms and can constrict up to eight enemies at once.


Message History

The orc closely misses you. The orc completely misses you.
There is a stone staircase leading down here.
The orc completely misses you.
Casting: Ensorcelled Hibernation (safe; 1% risk of failure)
Confirm with . or Enter, or press ? or * to list all spells.
Aiming: Ensorcelled Hibernation (safe; 1% risk of failure)
Press: ? - help, Shift-Dir - straight line, f - ettin
Aim: an ettin, wielding a +0 dire flail of protection and a +0 dire flail (chance to affect: 42%)
Okay, then.
The orc completely misses you.
You climb downwards.
Level annotation: Rupert
There is a stone staircase leading up here.
You start putting on your armour.
You continue putting on your orb of guile. x4
You finish putting on your orb of guile.
b - a +2 heavy sling (weapon)
You climb upwards.
The ettin closely misses you. The ettin completely misses you.
There is a stone staircase leading down here.
Casting: Ensorcelled Hibernation (safe; 1% risk of failure)
Confirm with . or Enter, or press ? or * to list all spells.
Aiming: Ensorcelled Hibernation (safe; 1% risk of failure)
Press: ? - help, Shift-Dir - straight line, f - ettin
Aim: an ettin, wielding a +0 dire flail of protection and a +0 dire flail (chance to affect: 76%)
The ettin looks drowsy...
You shoot a sling bullet. The sling bullet hits the ettin!
The ettin shouts in stereo!
The ettin is moderately wounded.
The ettin hits you with a +0 dire flail of protection!!
The ettin completely misses you. The ettin misses you.
The ettin hits you with a +0 dire flail!
You shoot a sling bullet. The sling bullet hits the ettin!
The ettin is moderately wounded.
The ettin hits you with a +0 dire flail of protection!!!
* * * LOW HITPOINT WARNING * * *
The ettin hits you with a +0 dire flail!!
You die...
Your body crumbles into a pile of gold.

#....#..)#.........#
....#)...##....##.#
#.....#....##.## $.
##.............#
..###............#
....#..[)$o...#.##
.........##......#
.............##.##
...........@C.###
...#...........#
........#.....##
............### $
#..........##
.#.......... $
............ .......
$


You could see an ettin and an orc.

Vanquished Creatures
  A stone giant (Volcano)
  A dire elephant (Gauntlet)
  A minotaur (Gauntlet)
  Snorg (Orc:1)
  A great orb of eyes (Gauntlet)
  2 hydras (Lair:3)
  Erolcha (D:9)
  A catoblepas (Lair:3)
  An ogre mage (Orc:1)
  A death knight (D:9)
  10 two-headed ogres
  10 death yaks
  Urug (D:10)
  Sonja (Orc:1)
  A soul eater (Gauntlet)
  A skeletal warrior (D:9)
  Nergalle (Orc:1)
  Amaemon (Lair:3)
  A pharaoh ant (Lair:3)
  2 wolf spiders (Lair:5)
  A deep elf pyromancer (D:12)
  2 cyclopes
  A manticore (D:12)
  A guardian serpent (Lair:5)
  14 elephants
  8 black mambas
  14 cane toads
  An orange demon (Lair:2)
  A gargoyle (D:8)
  7 komodo dragons
  6 rime drakes
  A kobold demonologist (D:12)
  An efreet (Volcano)
  5 hornets
  2 polar bears
  4 trolls
  A queen bee (D:10)
  A tyrant leech (Lair:5)
  10 blink frogs
  2 tarantellas (Lair:3)
  A tarantella (shapeshifter) (D:9)
  12 dream sheep (Lair:5)
  A spectral dream sheep (Gauntlet)
  2 jumping spiders (Lair:3)
  4 slime creatures (D:12)
  40 yaks
  13 wyverns
  3 wraiths
  A vampire (D:9)
  A basilisk (Lair:2)
  3 fire elementals (Volcano)
  6 fire bats (Volcano)
  A steam dragon (D:9)
  A redback (Lair:5)
  7 vampire mosquitoes
  4 swamp worms (Lair:5)
  25 water moccasins
  2 hell hounds (Lair:5)
  A swamp drake (D:12)
  An ice beast (shapeshifter) (D:9)
  2 black bears
  12 orc warriors
  2 ice beasts (D:5)
  5 ogres
  7 wolves
  A centaur (D:9)
  A phantom (D:5)
  3 kobold brigands
  14 bullfrogs
  3 scorpions
  2 earth elementals (Volcano)
  10 wights
  29 killer bees
  7 howler monkeys
  14 electric eels
  5 lava snakes (Volcano)
  4 iron imps
  7 hounds
  2 jellies
  3 gnoll boudas
  18 orc priests
  18 orc wizards
  4 sleepcaps
  3 iguanas
  10 adders
  18 gnolls
  4 shadow imps
  A white imp (D:5)
  An ufetubus (D:5)
  2 worms
  5 dart slugs
  57 orcs
  9 endoplasms
  2 giant cockroaches
  11 goblins
  10 hobgoblins
  9 jackals
  3 quokkas
  7 ball pythons
  6 bats
  4 frilled lizards
  22 kobolds
  7 rats
616 creatures vanquished.

Vanquished Creatures (collateral kills)
  An ugly thing (Gauntlet)
  A vampire mosquito (D:11)
2 creatures vanquished.

Vanquished Creatures (others)
  An ugly thing (Gauntlet)
  A bush (Lair:5)
  A demonic plant (Gauntlet)
  53 fungi
  90 plants
146 creatures vanquished.

Grand Total: 764 creatures vanquished

Notes
Turn   | Place    | Note
-------+----------+-------------------------------------------
     0 | D:1      | juan097 the Octopode Brigand began the quest for the Orb.
     0 | D:1      | Reached XP level 1. HP: 14/14 MP: 1/1
   225 | D:1      | Reached XP level 2. HP: 19/19 MP: 2/2
   338 | D:1      | Reached skill level 2 in Dodging
   348 | D:1      | Reached XP level 3. HP: 21/24 MP: 3/3
  1194 | D:2      | Reached XP level 4. HP: 29/29 MP: 4/4
  1491 | D:2      | Reached skill level 3 in Dodging
  1537 | D:2      | Reached XP level 5. HP: 6/34 MP: 5/5
  1960 | D:2      | Found the +8 frozen axe "Frostbite" {freeze, freezing
                  | cloud, *Noise Fly rC+}
  2254 | D:3      | Found a sacrificial altar of Ru.
  2382 | D:3      | Found a faded altar of an unknown god.
  2702 | D:4      | Reached skill level 4 in Dodging
  2702 | D:4      | Reached XP level 6. HP: 39/39 MP: 6/6
  2904 | D:4      | Noticed a black bear
  2962 | D:4      | Reached skill level 5 in Short Blades
  3509 | D:5      | Entered Level 5 of the Dungeon
  3651 | D:4      | Killed a black bear
  3652 | D:4      | Reached XP level 7. HP: 6/45 MP: 7/7
  4321 | D:5      | Found a broken altar of Ashenzari.
  4890 | D:5      | Reached XP level 8. HP: 54/54 MP: 8/8
  5029 | D:5      | Reached skill level 5 in Dodging
  5332 | D:6      | Found a hazy altar of Hepliaklqana.
  5869 | D:6      | Found a staircase to the Ecumenical Temple.
  5880 | Temple   | Entered the Ecumenical Temple
  6069 | Temple   | Became a worshipper of Gozag Ym Sagoz the Greedy
  6663 | D:6      | Found a snail-covered altar of Cheibriados.
  6868 | D:6      | Found Taeseut's Specific Store.
  6870 | D:6      | Found Dadeolol's General Store.
  6876 | D:6      | Bought a scroll of teleportation for 36 gold pieces
  6876 | D:6      | Bought a scroll of identify for 24 gold pieces
  6880 | D:6      | Bought a scroll of identify for 28 gold pieces
  7001 | D:7      | Learned a level 2 spell: Ensorcelled Hibernation
  7016 | D:7      | Reached skill level 6 in Dodging
  7105 | D:7      | Reached XP level 9. HP: 41/58 MP: 9/9
  7252 | D:7      | Found a stormy altar of Qazlal.
  7302 | D:7      | Reached skill level 1 in Spellcasting
  7302 | D:7      | Reached skill level 1 in Hexes
  7302 | D:7      | Reached skill level 1 in Ice Magic
  7390 | D:7      | Identified the +0 robe of Buazeatudgh {rN+}
  8355 | D:7      | Found a runed translucent gate.
  8360 | D:7      | Found a runed translucent gate.
  8360 | D:7      | Found a runed translucent gate.
  8360 | D:7      | Noticed relicbr's ghost (novice SpDe)
  8680 | D:7      | Noticed Joseph
  8851 | D:8      | Noticed a gargoyle
  9571 | D:8      | Noticed a troll
  9610 | D:9      | Noticed a troll
  9785 | D:9      | Reached skill level 5 in Hexes
  9785 | D:9      | Reached skill level 5 in Ice Magic
  9785 | D:9      | Reached XP level 10. HP: 63/63 MP: 13/13
  9848 | D:9      | Reached skill level 1 in Evocations
 10180 | D:9      | HP: 2/65 [troll (8)]
 10720 | D:8      | Found a staircase to the Lair.
 10906 | D:8      | Reached skill level 5 in Fighting
 11071 | D:8      | Noticed a two-headed ogre
 11081 | D:8      | Killed a two-headed ogre
 11082 | D:8      | Reached skill level 7 in Dodging
 11390 | D:9      | Found a glowing golden altar of the Shining One.
 11456 | D:9      | Noticed Erolcha
 11457 | Abyss:2  | Cast into level 2 of the Abyss (Erolcha)
 11469 | Abyss:2  | Found a corrupted altar of Lugonu.
 11496 | Abyss:2  | Noticed a wretched star
 11508 | Abyss:2  | Noticed a profane servitor
 11533 | D:9      | Escaped the Abyss
 11606 | D:10     | Entered Level 10 of the Dungeon
 11611 | D:10     | Reached skill level 10 in Stealth
 11611 | D:10     | Reached XP level 11. HP: 72/72 MP: 14/14
 11694 | D:10     | Found a white marble altar of Elyvilon.
 11706 | D:10     | Noticed a two-headed ogre
 11709 | D:10     | Killed a two-headed ogre
 11739 | D:10     | Reached skill level 5 in Evocations
 11805 | D:9      | Found a sparkling altar of Nemelex Xobeh.
 12414 | D:10     | Reached skill level 8 in Dodging
 12657 | D:10     | Identified the +5 mace "Xirur" {heavy, Str+2}
 12802 | D:10     | Noticed Urug
 13049 | D:10     | Paralysed by a hornet for 3 turns
 13248 | D:10     | Bought a potion of lignification for 48 gold pieces
 13248 | D:10     | Bought a potion of flight for 48 gold pieces
 13248 | D:10     | Bought a potion of invisibility for 128 gold pieces
 13305 | D:10     | Reached skill level 10 in Short Blades
 13332 | D:10     | HP: 3/72 [orc priest/nerve-wracking pain (6)]
 13725 | D:10     | Noticed a two-headed ogre
 13730 | D:10     | Killed a two-headed ogre
 13769 | D:10     | Found an ornate altar of the Wu Jian Council.
 13833 | D:10     | Found a shimmering blue altar of Sif Muna.
 13907 | D:10     | Found a burning altar of Makhleb.
 13982 | D:11     | Noticed a cyclops
 13985 | D:11     | Killed a cyclops
 14002 | D:11     | Learned a level 3 spell: Tukima's Dance
 14007 | D:11     | Learned a level 4 spell: Cause Fear
 14525 | D:11     | Reached XP level 12. HP: 81/81 MP: 13/15
 15123 | D:9      | Reached skill level 9 in Dodging
 15291 | D:9      | Noticed a death knight
 15308 | D:9      | Killed a death knight
 15733 | Lair:1   | Entered Level 1 of the Lair of Beasts
 17176 | Lair:2   | Reached skill level 10 in Dodging
 17280 | Lair:2   | Noticed a death yak
 17290 | Lair:2   | Noticed a death yak
 17294 | Lair:2   | Killed a death yak
 17299 | Lair:2   | Killed a death yak
 17803 | Lair:2   | Reached skill level 5 in Throwing
 17993 | Lair:2   | Reached XP level 13. HP: 29/88 MP: 19/19
 18202 | Lair:2   | Found a staircase to the Swamp.
 19070 | Lair:3   | Noticed Amaemon
 19109 | Lair:3   | Killed Amaemon
 19331 | Lair:3   | Reached skill level 11 in Dodging
 19349 | Lair:3   | Found a hole to the Spider Nest.
 19865 | Lair:3   | Bought a +4 ring of protection for 684 gold pieces
 20014 | Lair:3   | Reached skill level 10 in Fighting
 20546 | Lair:4   | Reached skill level 12 in Dodging
 20686 | Lair:4   | Reached skill level 1 in Long Blades
 20964 | Lair:4   | Found a staircase to the Slime Pits.
 21069 | Lair:4   | Identified the +6 long sword of the Wary Ultimatums {heavy,
                  | rPois rF- Str+6}
 21360 | Lair:5   | Entered Level 5 of the Lair of Beasts
 21431 | Lair:5   | Found a dark tunnel.
 21521 | Volcano  | Entered a volcano
 21551 | Volcano  | Reached skill level 5 in Long Blades
 21744 | Volcano  | Reached skill level 1 in Ranged Weapons
 21848 | Volcano  | Noticed a stone giant
 21857 | Volcano  | Killed a stone giant
 21858 | Volcano  | Reached XP level 14. HP: 88/99 MP: 15/20
 22028 | Volcano  | Found a burning altar of Makhleb.
 22066 | Volcano  | Identified the +0 pair of gloves of Eternity {Dex+4 Stlth+}
 22080 | Volcano  | Found a bloodstained altar of Trog.
 22864 | Lair:5   | Reached skill level 5 in Ranged Weapons
 23397 | Lair:5   | Learned a level 3 spell: Confusing Touch
 24129 | Lair:5   | Identified the +4 long sword "Taben" {holy, Str+2}
 24880 | Lair:3   | Bought a +6 ring of dexterity for 684 gold pieces
 24885 | Lair:3   | Learned a level 2 spell: Passwall
 24891 | Lair:3   | Learned a level 5 spell: Yara's Violent Unravelling
 24892 | Lair:3   | Bought a ring of willpower for 475 gold pieces
 25417 | D:9      | Killed Erolcha
 25809 | D:10     | Killed Urug
 25810 | D:10     | Reached skill level 1 in Transmutations
 25810 | D:10     | Reached skill level 1 in Earth Magic
 26196 | D:12     | Found a staircase to the Orcish Mines.
 26468 | D:12     | Found a gate leading to a gauntlet.
 26479 | Gauntlet | Entered a Gauntlet
 26479 | Gauntlet | Found a transporter.
 26490 | Gauntlet | Found a transporter.
 26493 | Gauntlet | Found a transporter.
 26494 | Gauntlet | Found a transporter.
 26502 | Gauntlet | Found a transporter.
 26505 | Gauntlet | Found a transporter.
 26506 | Gauntlet | Found a transporter.
 26518 | Gauntlet | Found a transporter.
 26519 | Gauntlet | Found a transporter.
 26523 | Gauntlet | Found a transporter.
 26527 | Gauntlet | Found a transporter.
 26530 | Gauntlet | Found a transporter.
 26531 | Gauntlet | Found a transporter.
 26536 | Gauntlet | Noticed a dire elephant
 26539 | Gauntlet | Found a transporter.
 26639 | Gauntlet | Reached XP level 15. HP: 105/105 MP: 21/21
 26713 | Gauntlet | Paralysed by a great orb of eyes for 4 turns
 26735 | Gauntlet | Identified the ring of the Peasants {rElec rPois EV+5
                  | Int-2}
 26902 | Gauntlet | Identified the ring of Dawn {rN+ SInv Stlth+}
 26994 | Gauntlet | Identified the +11 demon blade of Discretion {drain, SInv}
 27187 | D:12     | You fall into a shaft and drop 2 floors!
 27214 | D:14     | Noticed Kapsuk's ghost (journeyman DECj)
 27214 | D:14     | Noticed a fire giant
 27215 | D:14     | Found a transporter.
 28033 | Orc:1    | Entered Level 1 of the Orcish Mines
 28035 | Orc:1    | Noticed Sonja
 28041 | Orc:1    | Noticed Snorg
 28050 | Orc:1    | Killed Sonja
 28057 | Orc:1    | Killed Snorg
 28235 | Orc:1    | Found an iron altar of Okawaru.
 28253 | Orc:1    | Noticed Nergalle
 28271 | Orc:1    | Killed Nergalle
 28664 | Orc:2    | Entered Level 2 of the Orcish Mines
 28753 | Orc:2    | Found Xyzeont's Weapon Emporium.
 28835 | Orc:2    | Noticed Rupert
 29139 | Orc:1    | Slain by an ettin

Illustrated notes

Levels and vault maps discovered:
D:1:      dpeg_arrival_circle_labyrinth_c, layout_loops_ring, minivault_27
D:2:      layout_rooms, minmay_misc_feat_secret_circle
D:3:      layout_rooms, nicolae_ru_awakened_eye,
          shapermc_ecumenical_altar_notcrosses
D:4:      layout_loops_ring
D:5:      layout_cave_pools, evilmike_ruin_ashenzari,
          minmay_misc_feat_nine_boxes, minmay_misc_feat_columns,
          dreamdust_gnoll_farm
D:6:      layout_loops_corners, mainiacjoe_overflow_concentric_impassable,
          slow_altar_2, minmay_temple_entry_glass, nicolae_specific_store
D:7:      layout_loops_corners, nicolae_qazlal_general_emergency,
          gammafunk_ghost_nasty_kobolds, uniq_joseph
D:8:      layout_basic, erik_lair_island
D:9:      layout_big_octagon, old_standard_altar, kennysheep_mini,
          minmay_pinched_square, uniq_erolcha
D:10:     layout_rooms, nicolae_overflow_crystal_walls,
          kennysheep_orc_sif_temple, mainiacjoe_overflow_six_doors_small,
          demons_altar, special_room [special_room_bee], corexii_checkpoint_a,
          uniq_urug
D:11:     layout_basic, lemuel_flamethrower_1
D:12:     nicolae_moon_pools, layout_loops_ring, erik_orc_1, serial_glass,
          glass_columns_a, glass_columns_b, gauntlet_entry_generic, st_stairs_8
D:13:     layout_layer_cave
D:14:     layout_basic, hangedman_vaults_entry_quadrant_bands,
          minmay_misc_feat_rugged, gammafunk_ghost_smash, minmay_misc_feat_rows,
          minmay_misc_feat_room, hellmonk_bongcloud_opening, minivault_15,
          kennysheep_vampire_church, uniq_lodul
Temple:   chequers_temple_sunken
Lair:1:   layout_regular_city, serial_bayou_shore_a, grunt_megastairs_4
Lair:2:   layout_long_grid, swamp_mist, st_stairs_11, serial_bayou_ford_a,
          grunt_megastairs_2
Lair:3:   layout_cellular_growth, nicolae_spider_entry_lesser_pyramids,
          uniq_amaemon
Lair:4:   layout_regular_city, slime_entry_1
Lair:5:   hangedman_lair_tendril_chambers, layout_cave_pods, enter_volcano_3,
          worms_lemuel
Orc:1:    layout_caves, okawaru_metal_pillars_3, uniq_sonja, uniq_nergalle,
          uniq_snorg
Orc:2:    kennysheep_orc_mage_school, layout_caves, serial_shops, shop,
          uniq_rupert

Skill      XL: |  1  2  3  4  5  6  7  8  9 10 11 12 13 14 15 |
---------------+----------------------------------------------+-----
Dodging        | 2 3 4 6 7 8 10 12 | 12.8
Short Blades   | 3 4 6 7 8 9 10 | 10.0
Fighting       | 3 4 5 7 8 10 11 | 11.1
Stealth        | 6 8 10 | 10.0
Spellcasting   | 2 4 |  4.0
Hexes          | 5 8 |  8.0
Ice Magic      | 5 |  5.0
Evocations     | 4 6 7 8 |  8.0
Throwing       | 4 6 |  6.0
Long Blades    | 5 7 |  7.7
Ranged Weapons | 2 7 |  7.7
Transmutations | 1 3 |  3.3
Earth Magic    | 1 3 |  3.4

Action                     |  1- 3 |  4- 6 |  7- 9 | 10-12 | 13-15 || total
---------------------------+-------+-------+-------+-------+-------++-------
  Melee: Dagger            |    72 |   123 |   302 |   405 |   376 ||  1278
         Tentacles         |    11 |    34 |   103 |   112 |   130 ||   390
         Constrict         |    19 |    32 |    64 |    53 |    52 ||   220
         Punch             |     1 |     3 |     6 |     8 |    13 ||    31
         Long sword        |       |       |       |       |    26 ||    26
         Scimitar          |       |       |       |       |     8 ||     8
         Demon blade       |       |       |       |       |    90 ||    90
   Fire: Sling             |       |       |     9 |    10 |    38 ||    57
  Throw: Dart              |     2 |    10 |    20 |    76 |    20 ||   128
   Cast: Ensorcelled Hiber |       |       |     2 |    57 |   142 ||   201
         Cause Fear        |       |       |       |       |     3 ||     3
         Confusing Touch   |       |       |       |       |     1 ||     1
 Invoke: Potion Petition   |       |       |       |     2 |       ||     2
         Call Merchant     |       |       |       |     1 |     1 ||     2
  Evoke: Wand              |       |     2 |       |    21 |     9 ||    32
    Use: Scroll            |       |       |    12 |     8 |    11 ||    31
         Potion            |       |       |       |     4 |     2 ||     6
   Stab: Sleeping          |    10 |    14 |    25 |    56 |   139 ||   244
         Distracted        |       |     1 |     1 |     1 |     3 ||     6
         Invisible         |       |       |       |     2 |       ||     2
         Confused          |       |       |       |       |     1 ||     1
 Armour: Skin              |     4 |     6 |     5 |     6 |    22 ||    43
  Dodge: Dodged            |    30 |    52 |   127 |   202 |   259 ||   670
  Block: Orb               |       |       |       |       |    37 ||    37
         Other             |       |       |       |       |    12 ||    12
         Reflection        |       |       |       |       |     1 ||     1

Table legend: (Time is in decaauts)
 A = Elapsed time spent in this place.
 B = Non-inter-level travel time spent in this place.
 C = Inter-level travel time spent in this place.
 D = Time resting spent in this place.
 E = Time spent auto-exploring this place.
 F = Levels seen in this place.
 G = Mean time per level.
                   A        B        C        D        E       F      G
               +--------+--------+--------+--------+--------+-----+--------+
         Total |  28600 |  26625 |   1975 |   2365 |  17297 |  25 | 1144.0 |
       Dungeon |  17456 |  16209 |   1247 |   1880 |   9898 |  14 | 1246.9 |
        Temple |    215 |    190 |     25 |      0 |    150 |   1 |  215.0 |
          Lair |   8624 |   7960 |    664 |    310 |   5905 |   5 | 1724.8 |
  Orcish Mines |   1082 |   1043 |     39 |      0 |    847 |   2 |  541.0 |
         Abyss |     75 |     75 |      0 |      0 |      0 |   1 |   75.0 |
       Volcano |    558 |    558 |      0 |      0 |    287 |   1 |  558.0 |
      Gauntlet |    587 |    587 |      0 |    175 |    210 |   1 |  587.0 |
               +--------+--------+--------+--------+--------+-----+--------+

Top non-repeatable levels by time:
  Lair:5: 2625 daAuts
    D:10: 2440 daAuts
     D:9: 2124 daAuts
  Lair:2: 1936 daAuts
     D:7: 1915 daAuts
  Lair:1: 1657 daAuts
     D:6: 1623 daAuts
     D:8: 1555 daAuts
     D:4: 1431 daAuts
  Lair:3: 1370 daAuts
     D:1: 1260 daAuts
    D:12: 1155 daAuts
    D:11: 1125 daAuts
  Lair:4: 1035 daAuts
     D:5: 915 daAuts
